 Dungeon Crawl Stone Soup version 0.28.0-43-g3370ac3207 (webtiles) character file.

Game seed: 11038172368086828652

112 croobank the Sneak (level 4, 0/27 HPs)
             Began as an Octopode Fire Elementalist on Mar 7, 2022.
             Slain by an adder (1 damage)
             ... on level 2 of the Dungeon.
             The game lasted 00:07:55 (2183 turns).

croobank the Sneak (Octopode Fire Elementalist)     Turns: 2183, Time: 00:07:55

Health: 0/27       AC:  1    Str:  7    XL:     4   Next: 95%
Magic:  1/8        EV: 10    Int: 19    God:
Gold:   54         SH:  0    Dex: 12    Spells: 1/8 levels left

rFire   . . .      SeeInvis .   h - +1 flail (vorpal)
rCold   . . .      Faith    .   (no shield)
rNeg    . . .      Spirit   .   (helmet restricted)
rPois   .          Reflect  .   (no amulet)
rElec   .          Harm     .   (no ring)
rCorr   .          Rampage  .   (no ring)
Will    .....                   (no ring)
Stlth   +++.......              (no ring)
HPRegen 0.09/turn               (no ring)
MPRegen 0.11/turn               (no ring)
                                (no ring)
                                (no ring)

@: lethally poisoned (0 -> -3), flying, constricted
A: almost no armour, amphibious, 8 rings, camouflage 1, gelatinous body 1,
(nimble swimmer 1), tentacles
a: no special abilities


You were on level 2 of the Dungeon.
You visited 1 branch of the dungeon, and saw 2 of its levels.

You collected 54 gold pieces.

Inventory:

Hand Weapons
 b - a +0 whip
 h - a +1 vorpal flail (weapon)
 l - a +0 war axe
Missiles
 c - 37 stones
 e - 5 boomerangs
 f - 2 curare-tipped darts (quivered)
 g - 13 sling bullets
 m - 2 throwing nets
Jewellery
 j - a ring of poison resistance
Scrolls
 a - a scroll of immolation {unknown}
 n - 2 scrolls of silence {unknown}
 o - a scroll of teleportation
 p - a scroll of magic mapping {unknown}
 q - 2 scrolls of fear {unknown}
 r - a scroll of identify {unknown}
Potions
 i - a potion of haste
 k - a potion of attraction {unknown}


   Skills:
 + Level 2.7 Dodging
 + Level 3.9 Stealth
 + Level 2.6 Spellcasting
 + Level 2.0 Conjurations
 + Level 3.6 Fire Magic


You had one spell level left.
You knew the following spells:

 Your Spells              Type           Power      Damage    Failure   Level
a - Foxfire               Conj/Fire      52%        2x1d6     4%          1
b - Scorch                Fire           32%        2d6       5%          2
c - Flame Wave            Conj/Fire      13%        2d6       43%         4

Your spell library contained the following spells:

 Spells                   Type           Power      Damage    Failure   Level
 Sandblast                Erth           4%         2d4       16%         1
 Conjure Flame            Conj/Fire      13%        6-21      14%         3
 Inner Flame              Hex/Fire       9%         N/A       22%         3
 Passwall                 Tmut/Erth      1%         N/A       24%         2
 Stone Arrow              Conj/Erth      12%        3d7       30%         3


Dungeon Overview and Level Annotations

Branches:
Dungeon (2/15)

Altars:


Innate Abilities, Weirdness & Mutations

You cannot wear most types of armour.
You are amphibious.
You can wear up to eight rings at the same time.
Your skin changes colour to match your surroundings (Stealth+).
Your rubbery body absorbs attacks. (AC +1, EV +1)
((You are camouflaged when in or above water. (Stealth+)))
You have tentacles for arms and can constrict up to eight enemies at once.


Message History

Casting: Scorch (safe; 5% risk of failure)
Confirm with . or Enter, or press ? or * to list all spells.
You conjure some foxfire!
The bat closely misses you.
The foxfire hits the bat.
You kill the bat!
The adder bites you.
You are poisoned.
The adder poisons you!
A ball python comes into view.
Your foxfire dissipates!
You feel sick.
You feel sick. The adder bites you but does no damage.
You feel sick.
Casting: Foxfire (safe; 4% risk of failure)
Confirm with . or Enter, or press ? or * to list all spells.
You conjure some foxfire!
You feel sick. The adder closely misses you.
You closely miss the adder. Your grab misses the adder.
You feel sick.
You are no longer poisoned.
The foxfire hits the adder.
The adder is heavily wounded.
The foxfire hits the adder.
The adder is almost dead.
The adder bites you. The ball python bites you. The ball python grabs you.
The ball python constricts you. The adder barely misses you.
You barely miss the adder. Your grab misses the adder.
The adder is almost dead.
The adder bites you. The ball python bites you.
* * * LOW HITPOINT WARNING * * *
The ball python constricts you. The adder bites you.
* * * LOW HITPOINT WARNING * * *
You are poisoned.
The adder poisons you! The ball python bites you.
* * * LOW HITPOINT WARNING * * *
The ball python constricts you.
* * * LOW HITPOINT WARNING * * *
It was a potion of flight.
You feel very buoyant.
You fly up into the air.
* * * LOW HITPOINT WARNING * * *
You feel sick. The adder bites you.
You die...

...# # ##..#
#######....# †..#
.......... .. #..#
##.######. ##.#..#
#.# #.....# #.###
#...###.# #...#
##.###SS#######
###.#
#.....@......#####
####.#
#####............#
.....#
#.######.###.#
####.# #. #.# #.#
#.######## #. #.#
#.# #......... ..
#.# #.# #.########
## #.# #.#
#.##############
#.# #.#
#..............#
##.# #.#


You could see an adder and a ball python.

Vanquished Creatures
  Terence (D:2)
  3 adders (D:2)
  2 worms (D:2)
  2 dart slugs (D:1)
  4 ball pythons
  6 bats
  8 endoplasms
  3 goblins
  4 hobgoblins
  2 jackals (D:1)
  A quokka (D:1)
  3 frilled lizards
  3 kobolds
  6 rats
48 creatures vanquished.

Vanquished Creatures (others)
  92 foxfires
92 creatures vanquished.

Grand Total: 140 creatures vanquished

Notes
Turn   | Place    | Note
-------+----------+-------------------------------------------
     0 | D:1      | croobank the Octopode Fire Elementalist began the quest for
                  | the Orb.
     0 | D:1      | Reached XP level 1. HP: 11/11 MP: 3/3
   348 | D:1      | Reached XP level 2. HP: 17/17 MP: 1/5
   351 | D:1      | Learned a level 2 spell: Scorch
   764 | D:1      | Found a faded altar of an unknown god.
   831 | D:1      | Reached XP level 3. HP: 21/21 MP: 3/6
  1654 | D:2      | Noticed Terence
  1655 | D:2      | Reached XP level 4. HP: 27/27 MP: 4/7
  1667 | D:2      | Killed Terence
  1868 | D:2      | Learned a level 4 spell: Flame Wave
  2183 | D:2      | HP: 1/27 [poisoned by an adder]
  2183 | D:2      | Slain by an adder

Illustrated notes

Levels and vault maps discovered:
D:1:      ncdulo_smallfort, layout_loops_cross,
          ebering_ecumenical_altar_sacrificial
D:2:      layout_loops_ring, minmay_tromino_v7, uniq_terence

Skill      XL: |  1  2  3  4 |
---------------+-------------+-----
Stealth        | 3 |  3.9
Conjurations   | 2 |  2.0
Dodging        | |  2.7
Spellcasting   | |  2.6
Fire Magic     | |  3.6

Action                   |  1- 3 |  4- 6 || total
-------------------------+-------+-------++-------
Melee: Unarmed           |     7 |       ||     7
       Constrict         |     4 |     2 ||     6
       Tentacles         |     2 |     5 ||     7
       Whip              |    13 |     3 ||    16
       Flail             |       |     7 ||     7
Throw: Dart              |       |     1 ||     1
 Cast: Foxfire           |    39 |    15 ||    54
       Scorch            |     5 |     8 ||    13
  Use: Scroll            |     3 |       ||     3
       Potion            |       |     1 ||     1
Armor: Skin              |     6 |     2 ||     8
Dodge: Dodged            |    15 |    10 ||    25
